[Event "Titled Tuesday Blitz November 22 Late 2022"]
[White "Robson, Ray"]
[Black "Kamsky, Gata"]
[WhiteFideId "2023970"]
[BlackFideId "2000024"]
[WhiteElo "2668"]
[BlackElo "2666"]
[Result "0-1"]
[Round "10"]
[TimeControl "180+1"]
[Date "2022.11.22"]
[WhiteClock "0:00:01"]
[BlackClock "0:02:12"]

1. e4 e5 2. Nf3 Nc6 3. Bc4 Bc5 4. c3 Nf6 5. d4 exd4 6. e5 d5 7. Bb5 Ne4 8. cxd4 Bb6 9. Nc3 O-O 10. Be3 Bg4 11. h3 Bh5 12. Qc2 Bg6 13. Qb3 Ne7 14. O-O c6 15. Bd3 Nd2 16. Nxd2 Bxd3 17. Rfe1 Ng6 18. Na4 Bf5 19. Nxb6 axb6 20. f4 Qh4 21. Qd1 f6 22. Qf3 fxe5 23. dxe5 Be6 24. Rf1 d4 25. Bxd4 Rxf4 0-1


[Site "https://www.chess.com"]

[Event "Titled Tuesday Blitz November 22 Late 2022"]
[White "Roman, Rodrigo"]
[Black "Torres Dominguez, David"]
[WhiteFideId "3701220"]
[BlackFideId "2220857"]
[WhiteElo "1995"]
[BlackElo "2037"]
[Result "0-1"]
[Round "10"]
[TimeControl "180+1"]
[Date "2022.11.23"]
[WhiteClock "0:00:07"]
[BlackClock "0:00:07"]

1. c4 e5 2. Nc3 Nc6 3. Nf3 f5 4. g3 Nf6 5. d4 e4 6. Nh4 Bb4 7. Nxf5 Bxc3+ 8. bxc3 O-O 9. Ne3 Qe8 10. Bg2 d6 11. O-O Bd7 12. Qb3 Rb8 13. c5+ Kh8 14. cxd6 cxd6 15. Ba3 Qe7 16. Nd5 Nxd5 17. Qxd5 Rf6 18. Qxe4 Qf7 19. Qd3 Re8 20. e3 Qh5 21. Rab1 Bh3 22. Qd1 Bg4 23. f3 Rh6 24. fxg4 Qxh2+ 25. Kf2 Rf6+ 26. Ke1 Qxg3+ 27. Kd2 Qxg2+ 28. Qe2 Qd5 29. c4 Qe4 30. Qd3 Qg2+ 31. Kc3 Rxf1 32. Rxf1 Qxg4 33. Qd1 Rxe3+ 34. Kb2 Qg2+ 35. Kb1 Qg6+ 36. Kb2 h6 37. Rf8+ Kh7 38. d5 Qg2+ 39. Kb1 Rxa3 40. Qe1 Nd4 41. Qe4+ Qxe4+ 0-1


[Site "https://www.chess.com"]

[Event "Titled Tuesday Blitz November 22 Late 2022"]
[White "Romero Ruscalleda, Josep"]
[Black "Bazzano, Sebastian"]
[WhiteFideId "2231859"]
[BlackFideId "104566"]
[WhiteElo "2183"]
[BlackElo "2223"]
[Result "1-0"]
[Round "10"]
[TimeControl "180+1"]
[Date "2022.11.23"]
[WhiteClock "0:00:44"]
[BlackClock "0:00:04"]

1. e4 e6 2. d4 d5 3. e5 c5 4. c3 Nc6 5. Be3 Qb6 6. Qd2 Nh6 7. Nf3 Nf5 8. dxc5 Bxc5 9. Bxc5 Qxc5 10. Bd3 Qe7 11. O-O O-O 12. Na3 Rd8 13. Rfe1 b6 14. Nb5 a6 15. Bxf5 axb5 16. Bd3 b4 17. Nd4 bxc3 18. bxc3 Nxd4 19. cxd4 Ba6 20. Bc2 Bc4 21. a4 Ra5 22. Rab1 Qa7 23. Re3 b5 24. axb5 Rxb5 25. Rd1 Qa5 26. Rc3 Rdb8 27. Qe3 Qa2 28. h4 Rb2 29. Rd2 Qa1+ 30. Kh2 Qc1 31. h5 h6 32. Bh7+ Kxh7 33. Rxc1 1-0


[Site "https://www.chess.com"]

[Event "Titled Tuesday Blitz November 22 Late 2022"]
[White "Roque Sola, Jose Luis"]
[Black "monkins"]
[WhiteFideId "5120390"]
[WhiteElo "2117"]
[BlackElo "2271"]
[Result "1-0"]
[Round "10"]
[TimeControl "180+1"]
[Date "2022.11.23"]
[WhiteClock "0:00:14"]
[BlackClock "0:00:01"]

1. c4 Nf6 2. Nc3 c5 3. Nf3 d5 4. cxd5 Nxd5 5. g3 Nc6 6. Bg2 Nc7 7. O-O g6 8. d3 Bg7 9. Be3 b6 10. Qc1 O-O 11. Bh6 Bb7 12. Bxg7 Kxg7 13. Ne4 h6 14. a3 Rc8 15. b4 cxb4 16. axb4 Ne6 17. Qb2+ Kg8 18. b5 Na5 19. Ned2 Qd6 20. Rac1 Rxc1 21. Rxc1 Rc8 22. Rxc8+ Bxc8 23. Ne4 Qc7 24. Ne5 Bb7 25. Ng4 Bxe4 26. Bxe4 Kh7 27. Qd2 Ng5 28. h4 Nb3 29. Qe3 Nxe4 30. Qxh6+ Kg8 31. dxe4 Qc1+ 32. Kg2 Qxh6 33. Nxh6+ Kg7 34. Ng4 Nd4 35. Ne5 Nxb5 36. Nc6 e6 37. Kf3 a5 38. Ke3 Nd6 39. Kd3 f6 40. f3 e5 41. Ne7 Kf7 42. Nd5 b5 43. Nc7 b4 44. Na6 1-0


[Site "https://www.chess.com"]

[Event "Titled Tuesday Blitz November 22 Late 2022"]
[White "Rubio Tent, Francisco"]
[Black "Graif, William"]
[WhiteFideId "2238233"]
[BlackFideId "2609835"]
[WhiteElo "2211"]
[BlackElo "2205"]
[Result "1-0"]
[Round "10"]
[TimeControl "180+1"]
[Date "2022.11.23"]
[WhiteClock "0:00:10"]
[BlackClock "0:00:01"]

1. e4 e5 2. Nf3 Bc5 3. c3 d5 4. exd5 Nf6 5. d4 exd4 6. cxd4 Bb4+ 7. Nc3 O-O 8. Be2 Nxd5 9. Qb3 Re8 10. Ne5 Be6 11. Bc4 f6 12. Nd3 Bxc3+ 13. bxc3 Nf4 14. Bxe6+ Nxe6 15. O-O Kh8 16. Re1 Qd7 17. d5 Nc5 18. Rxe8+ Qxe8 19. Qd1 Nxd3 20. Qxd3 Qe1+ 21. Qf1 Qxc3 22. Be3 Nd7 23. Rc1 Qe5 24. Qb5 Nb6 25. a4 Qxd5 26. Qb4 c6 27. h3 1-0


[Site "https://www.chess.com"]

[Event "Titled Tuesday Blitz November 22 Late 2022"]
[White "Sabuk, Piotr"]
[Black "Haszon, David"]
[WhiteFideId "1137565"]
[BlackFideId "733610"]
[WhiteElo "2326"]
[BlackElo "2211"]
[Result "1-0"]
[Round "10"]
[TimeControl "180+1"]
[Date "2022.11.22"]
[WhiteClock "0:00:16"]
[BlackClock "0:00:25"]

1. d4 Nf6 2. c4 g6 3. Nc3 d5 4. Nf3 Bg7 5. e3 O-O 6. Qb3 dxc4 7. Bxc4 a6 8. a4 Nc6 9. a5 Bf5 10. O-O Ne4 11. Nxe4 Bxe4 12. Ng5 Bf5 13. Nxf7 Rxf7 14. Bxf7+ Kh8 15. Be6 Qd6 16. Bd5 Rd8 17. Bf3 e5 18. Qxb7 e4 19. Be2 h5 20. b4 h4 21. b5 axb5 22. a6 h3 23. Bxb5 hxg2 24. Re1 Be5 25. Qxc6 Bxh2+ 26. Kxg2 Qe7 27. Rh1 Qg5+ 28. Kf1 Bh3+ 29. Ke1 Qg2 30. Qf6+ Kh7 31. Qh4+ Kg7 32. Rxh2 Qg1+ 33. Kd2 Qxh2 34. Bb2 Rd5 35. Bc4 Rh5 36. d5+ Kh6 37. Qf4+ Qxf4 38. exf4 Rf5 39. Ke3 1-0


[Site "https://www.chess.com"]

[Event "Titled Tuesday Blitz November 22 Late 2022"]
[White "Sadhwani, Raunak"]
[Black "Terry, Renato"]
[WhiteFideId "35093487"]
[BlackFideId "3803457"]
[WhiteElo "2656"]
[BlackElo "2577"]
[Result "0-1"]
[Round "10"]
[TimeControl "180+1"]
[Date "2022.11.22"]
[WhiteClock "0:00:05"]
[BlackClock "0:00:02"]

1. c4 e5 2. g3 Nf6 3. Bg2 c6 4. Nf3 e4 5. Nd4 d5 6. d3 Bb4+ 7. Bd2 Bc5 8. Nb3 Bxf2+ 9. Kxf2 e3+ 10. Kxe3 Ng4+ 11. Kf3 Qf6+ 12. Bf4 g5 13. e3 Qxb2 14. Qd2 Qxd2 15. N1xd2 gxf4 16. gxf4 Nf6 17. Rac1 Na6 18. cxd5 Nxd5 19. a3 Rg8 20. Rhg1 Bf5 21. Ne4 O-O-O 22. Kf2 Nac7 23. Nd4 Bxe4 24. Bh3+ Kb8 25. dxe4 Nf6 26. Kf3 h5 27. Rxg8 Rxg8 28. Nf5 Ng4 29. Bxg4 hxg4+ 30. Kg3 f6 31. Rd1 Nb5 32. Nh6 Rg7 33. Rd3 c5 34. Nxg4 c4 35. Rd8+ Kc7 36. Rd5 Kc6 37. a4 Nc3 38. Rd8 Nxe4+ 39. Kf3 f5 40. Ne5+ Kc7 41. Rd4 c3 42. Rc4+ Kd6 43. Nd3 Kd5 44. Rd4+ Ke6 45. Rc4 Nd2+ 0-1


[Site "https://www.chess.com"]

[Event "Titled Tuesday Blitz November 22 Late 2022"]
[White "Salman, Pavel"]
[Black "Mesa Cruz, Juan Carlos"]
[WhiteFideId "24153753"]
[BlackFideId "6423400"]
[WhiteElo "2187"]
[BlackElo "2059"]
[Result "1-0"]
[Round "10"]
[TimeControl "180+1"]
[Date "2022.11.23"]
[WhiteClock "0:02:15"]
[BlackClock "0:00:05"]

1. d4 Nf6 2. Nc3 d5 3. Bf4 e6 4. Nb5 Na6 5. e3 c6 6. Nc3 Bd6 7. Bxd6 Qxd6 8. Bxa6 bxa6 9. Na4 Nd7 10. Nf3 c5 11. Nxc5 Nxc5 12. dxc5 Qxc5 13. Qd4 Qxd4 14. exd4 f6 15. O-O-O g5 16. Ne1 Kf7 17. Nd3 1-0


[Site "https://www.chess.com"]

[Event "Titled Tuesday Blitz November 22 Late 2022"]
[White "Sariego Figueredo, Wilfredo"]
[Black "Thomas, Anysia"]
[WhiteFideId "3500080"]
[BlackFideId "670472"]
[WhiteElo "2309"]
[BlackElo "2069"]
[Result "1-0"]
[Round "10"]
[TimeControl "180+1"]
[Date "2022.11.23"]
[WhiteClock "0:02:26"]
[BlackClock "0:02:08"]

1. d4 Nf6 2. Bf4 g6 3. Nc3 Bg7 4. e4 d6 5. Qd2 Nbd7 6. Bh6 O-O 7. O-O-O c5 8. Bxg7 Kxg7 9. e5 Ne8 10. exd6 cxd4 11. Qxd4+ Nef6 12. dxe7 Qxe7 13. Nf3 Nb6 14. Bb5 Be6 15. Rhe1 Rfd8 16. Qh4 Qc5 17. Qxf6+ 1-0


[Site "https://www.chess.com"]

[Event "Titled Tuesday Blitz November 22 Late 2022"]
[White "Shapiro, Daniel"]
[Black "Kirillov, Dmitry"]
[WhiteFideId "2001780"]
[BlackFideId "34180572"]
[WhiteElo "2309"]
[BlackElo "2095"]
[Result "1-0"]
[Round "10"]
[TimeControl "180+1"]
[Date "2022.11.23"]
[WhiteClock "0:00:15"]
[BlackClock "0:00:03"]

1. d4 d5 2. c4 e6 3. Nf3 c6 4. Qc2 f5 5. Bf4 Nf6 6. e3 Ne4 7. h3 Nd7 8. Bd3 Be7 9. Nc3 O-O 10. O-O Bf6 11. Bh2 Qe7 12. Rad1 Kh8 13. Rfe1 Rg8 14. Nd2 g5 15. f3 Nxc3 16. bxc3 g4 17. hxg4 fxg4 18. fxg4 Rxg4 19. e4 Qg7 20. Nf3 dxc4 21. Bxc4 Nb6 22. Bd3 Bd7 23. Ne5 Rh4 24. Qf2 Rg8 25. Re2 Be8 26. Rf1 Be7 27. Nxc6 Rxh2 28. Nxe7 Qh6 29. Qf6+ Qxf6 30. Rxf6 Rh5 31. Nxg8 Kxg8 32. Rxe6 Bg6 33. Re7 1-0


[Site "https://www.chess.com"]

[Event "Titled Tuesday Blitz November 22 Late 2022"]
[White "Sokolovsky, Yahli"]
[Black "Shimanov, Aleksandr"]
[WhiteFideId "2820242"]
[BlackFideId "4198603"]
[WhiteElo "2316"]
[BlackElo "2605"]
[Result "0-1"]
[Round "10"]
[TimeControl "180+1"]
[Date "2022.11.22"]
[WhiteClock "0:00:08"]
[BlackClock "0:01:20"]

1. b3 e5 2. Bb2 Nc6 3. e3 Nge7 4. Nf3 e4 5. Nd4 Nxd4 6. Bxd4 Nc6 7. Bb2 d5 8. c4 dxc4 9. Bxc4 Qg5 10. Rg1 Bg4 11. Qc2 O-O-O 12. a3 f5 13. Nc3 Kb8 14. Nd5 Bd6 15. h3 Bxh3 16. O-O-O Bg4 17. f3 Bh5 18. g4 fxg4 19. fxg4 Bf7 20. Nb6 axb6 21. Bxf7 Be5 22. Qxe4 Qe7 23. Bxe5 Nxe5 24. Kb2 Nd3+ 0-1


[Site "https://www.chess.com"]

[Event "Titled Tuesday Blitz November 22 Late 2022"]
[White "Souleidis, Georgios"]
[Black "Torres Boch, Jose Francisco"]
[WhiteFideId "4206827"]
[BlackFideId "2278383"]
[WhiteElo "2401"]
[BlackElo "2073"]
[Result "0-1"]
[Round "10"]
[TimeControl "180+1"]
[Date "2022.11.23"]
[WhiteClock "0:00:02"]
[BlackClock "0:00:18"]

1. e4 c5 2. Be2 d6 3. d3 Nc6 4. f4 g6 5. Nf3 Bg7 6. O-O Bg4 7. c3 h5 8. Be3 h4 9. h3 Bd7 10. Nbd2 Nf6 11. Qe1 Qc8 12. Qf2 Nh5 13. Nxh4 Bxh3 14. gxh3 Qxh3 15. Bxh5 Rxh5 16. Ndf3 Bf6 17. Qg2 Rxh4 18. Nxh4 Qxh4 19. Rf3 Qh8 20. Rh3 Qg7 21. Qg4 e6 22. Kg2 O-O-O 23. Rah1 Rg8 24. Rh7 Qf8 25. Kf1 g5 26. fxg5 Ne5 27. Qe2 Bxg5 28. Bxg5 Rxg5 29. Rh8 Rg8 30. Rxg8 Qxg8 31. Ke1 Qg5 32. Kd1 b5 33. Kc2 c4 34. dxc4 bxc4 35. Qf2 Qg4 36. Kb1 Qxe4+ 0-1


[Site "https://www.chess.com"]

[Event "Titled Tuesday Blitz November 22 Late 2022"]
[White "Storey, Charles H"]
[Black "Aghasiyev, Kamal"]
[WhiteFideId "406686"]
[BlackFideId "13402854"]
[WhiteElo "2252"]
[BlackElo "2341"]
[Result "0-1"]
[Round "10"]
[TimeControl "180+1"]
[Date "2022.11.23"]
[WhiteClock "0:01:17"]
[BlackClock "0:00:23"]

1. e4 c5 2. d3 Nc6 3. c4 g6 4. Nc3 Bg7 5. g3 e6 6. Bg2 Nge7 7. Nge2 O-O 8. h4 d5 9. exd5 exd5 10. Nxd5 Nxd5 11. Bxd5 Nb4 12. Nf4 Re8+ 13. Kf1 Nxd5 14. Nxd5 Be6 15. Nf4 Bxc4 16. Be3 Bd5 17. Rh2 b6 18. h5 Qd7 19. b3 Rad8 20. Rc1 Re5 21. h6 Bf6 22. d4 Ree8 23. Kg1 cxd4 24. Bxd4 Ba8 25. Ne2 Bxd4 26. Rh4 Bxf2+ 0-1


[Site "https://www.chess.com"]

[Event "Titled Tuesday Blitz November 22 Late 2022"]
[White "Sztokbant, Bernardo Vainzoff"]
[Black "Romanchuk, Viktor"]
[WhiteFideId "2115956"]
[BlackFideId "14109271"]
[WhiteElo "2228"]
[BlackElo "2242"]
[Result "0-1"]
[Round "10"]
[TimeControl "180+1"]
[Date "2022.11.23"]
[WhiteClock "0:00:02"]
[BlackClock "0:00:20"]

1. e4 c6 2. Nc3 d5 3. Nf3 dxe4 4. Nxe4 Nd7 5. Qe2 e6 6. g3 Ngf6 7. Bg2 Be7 8. O-O O-O 9. d4 b6 10. Nxf6+ Bxf6 11. Bf4 Bb7 12. Rad1 Qe7 13. Rfe1 Rac8 14. c4 Rfe8 15. Ne5 Nf8 16. Ng4 Bg5 17. Bxg5 Qxg5 18. h4 Qe7 19. Qf3 Ba8 20. Qe3 Qc7 21. c5 Bb7 22. h5 h6 23. Nxh6+ gxh6 24. Qxh6 f5 25. Bf1 Qg7 26. Qf4 Rcd8 27. Bc4 Kh8 28. b4 Bc8 29. Kg2 Nh7 30. Re5 Ng5 31. Rde1 Nf7 32. R5e3 Rxd4 33. Qxf5 Rxc4 34. Qf3 bxc5 35. bxc5 Rxc5 36. Rh1 e5 37. h6 Qg6 38. Qe2 Be6 39. h7 Bd5+ 40. f3 Ra5 41. a3 Rb5 42. Qf2 Reb8 43. Re2 Rb3 44. Re3 Rb2 45. Re2 Rxe2 46. Qxe2 e4 47. f4 e3+ 48. Kh2 Qxh7+ 0-1


[Site "https://www.chess.com"]

[Event "Titled Tuesday Blitz November 22 Late 2022"]
[White "Tarnowska, Aleksandra"]
[Black "Figorito, Nick"]
[WhiteFideId "1180967"]
[BlackFideId "30923689"]
[WhiteElo "1776"]
[BlackElo "2272"]
[Result "0-1"]
[Round "10"]
[TimeControl "180+1"]
[Date "2022.11.23"]
[WhiteClock "0:00:17"]
[BlackClock "0:00:17"]

1. e4 e6 2. d4 d5 3. Nd2 Nf6 4. e5 Nfd7 5. Bd3 c5 6. c3 Nc6 7. Ne2 cxd4 8. cxd4 f6 9. exf6 Nxf6 10. Nf3 Bd6 11. O-O Qc7 12. Bg5 O-O 13. Bh4 Nh5 14. Bg3 Nxg3 15. hxg3 h6 16. Rc1 Qb6 17. b3 Bd7 18. Bb1 Be8 19. Qd3 g6 20. Nh4 Kg7 21. Nxg6 Nb4 22. Qe3 Bxg6 23. Bxg6 Kxg6 24. Qxe6+ Kg7 25. a3 Na6 26. Qxd5 Bxa3 27. Rc3 Rad8 28. Qe5+ Qf6 29. Qe4 Rd7 30. Nf4 Kg8 31. Nh5 Qf5 32. Qe2 Re7 33. Re3 Rxe3 34. fxe3 Qxf1+ 35. Qxf1 Rxf1+ 36. Kxf1 Bd6 37. Nf6+ Kf7 38. Ne4 Bc7 39. Ke2 Nb4 40. Kf3 Nd5 41. Nc5 b6 42. Nd3 a5 43. e4 Ne7 44. d5 Bd6 45. g4 Ng6 46. Ke3 Ne5 47. Kd4 Nxg4 48. e5 Bf8 49. d6 Ke6 50. Nf4+ Kd7 51. Kd5 Nxe5 52. Kxe5 Bxd6+ 53. Ke4 Bxf4 54. Kxf4 b5 55. Ke4 Ke6 56. Kd4 Kf5 57. Kc5 a4 58. bxa4 bxa4 59. Kb4 Kg4 60. Kxa4 Kg3 61. Kb4 Kxg2 62. Kc4 h5 63. Kd4 h4 64. Ke4 h3 65. Kf5 h2 66. Kf4 h1=Q 67. Kf5 Qf1+ 68. Ke5 Qf3 69. Ke6 Qf4 70. Kd7 Qe5 71. Kc8 Qd6 72. Kb7 Qc5 73. Ka8 Qb5 74. Ka7 Kf3 75. Ka8 Ke4 76. Ka7 Kd5 77. Ka8 Kc6 78. Ka7 Qb7# 0-1


[Site "https://www.chess.com"]

[Event "Titled Tuesday Blitz November 22 Late 2022"]
[White "Todev, Simeon"]
[Black "Gurevich, Dmitry"]
[WhiteFideId "2925133"]
[BlackFideId "2000407"]
[WhiteElo "1938"]
[BlackElo "2506"]
[Result "0-1"]
[Round "10"]
[TimeControl "180+1"]
[Date "2022.11.22"]
[WhiteClock "0:00:04"]
[BlackClock "0:00:06"]

1. e4 c5 2. Nf3 d6 3. c3 Nf6 4. Bd3 g6 5. Bc2 Bg7 6. h3 O-O 7. O-O e5 8. d4 exd4 9. cxd4 Nc6 10. dxc5 dxc5 11. Be3 b6 12. Nc3 Bb7 13. e5 Nd7 14. e6 fxe6 15. Bb3 Qe7 16. Ng5 Nd8 17. Qg4 Ne5 18. Qg3 c4 19. Bc2 Ndf7 20. Rae1 Nd3 21. Rd1 Nxb2 22. Nxh7 Ne5 23. Nxf8 Nxd1 24. Nxg6 Nxg6 25. Rxd1 Nf8 26. Ne4 Bxe4 27. Bxe4 Rd8 28. Re1 Qf7 29. Bg5 Rc8 30. Re3 c3 31. Rf3 Qd7 32. Bf6 c2 33. Bxc2 Rxc2 34. Be5 Rc5 35. Bf4 Rf5 36. Bd6 Rxf3 37. gxf3 Qf7 38. Be5 Ng6 39. Bd6 e5 40. h4 Kh7 41. h5 Nf4 42. Kf1 Qc4+ 43. Kg1 Ne2+ 44. Kg2 Nxg3 45. Kxg3 Qd5 46. Be7 Bh6 47. Bg5 e4 48. Kg4 Qxg5+ 49. Kh3 Qf4 50. fxe4 Qxf2 51. e5 Qe3+ 52. Kg4 Qxe5 53. a4 Qg5+ 54. Kf3 Qxh5+ 55. Ke4 Qa5 56. Kd3 Qxa4 57. Kc3 b5 58. Kd3 Qc4# 0-1


[Site "https://www.chess.com"]

[Event "Titled Tuesday Blitz November 22 Late 2022"]
[White "Toncheva, Nadya"]
[Black "Yurovskykh, Oleksandr"]
[WhiteFideId "2924056"]
[BlackFideId "14134020"]
[WhiteElo "2101"]
[BlackElo "2265"]
[Result "1-0"]
[Round "10"]
[TimeControl "180+1"]
[Date "2022.11.23"]
[WhiteClock "0:01:25"]
[BlackClock "0:01:07"]

1. e4 g6 2. d4 Bg7 3. c4 d6 4. Nc3 e5 5. d5 a5 6. Bd3 Na6 7. Nge2 h5 8. O-O h4 9. h3 Bh6 10. f4 exf4 11. Bxf4 Bxf4 12. Rxf4 Nc5 13. Bc2 Qe7 14. Nb5 Nf6 15. Qd4 Qe5 16. Qxe5+ dxe5 17. Rxf6 Ke7 18. Rf3 Bd7 19. Raf1 Rhf8 20. Nxc7 Rac8 21. Nb5 Bxb5 22. cxb5 f6 23. Nc3 b6 24. d6+ Kxd6 25. Rxf6+ Rxf6 26. Rxf6+ Ke7 27. Nd5+ 1-0


[Site "https://www.chess.com"]

[Event "Titled Tuesday Blitz November 22 Late 2022"]
[White "Weetik, Vjacheslav"]
[Black "Maksimovic, Bojan"]
[WhiteFideId "4153472"]
[BlackFideId "14408120"]
[WhiteElo "2469"]
[BlackElo "2447"]
[Result "1-0"]
[Round "10"]
[TimeControl "180+1"]
[Date "2022.11.22"]
[WhiteClock "0:00:14"]
[BlackClock "0:00:02"]

1. e4 c5 2. Nf3 e6 3. d4 cxd4 4. Nxd4 a6 5. c4 Nf6 6. Nc3 Qc7 7. a3 b6 8. Be2 Bb7 9. Qd3 Be7 10. O-O Nc6 11. Nxc6 Bxc6 12. b4 a5 13. Rb1 O-O 14. f4 d6 15. Bb2 axb4 16. axb4 Qb7 17. Bf3 e5 18. fxe5 dxe5 19. Nd5 Bxd5 20. exd5 Bxb4 21. Bxe5 Bc5+ 22. Kh1 Nd7 23. Bb2 Rae8 24. Be4 g6 25. Rbe1 Qc7 26. Qc3 Qe5 27. Qc2 Qh5 28. Bf3 Qh4 29. g3 Qg5 30. Qc3 f6 31. Re6 Ne5 32. Bg2 Rxe6 33. dxe6 Re8 34. Bd5 Kg7 35. Qe1 Re7 36. Qe4 h5 37. Bc1 Qg4 38. Bf4 h4 39. Bxe5 fxe5 40. Qxg4 hxg3 41. hxg3 1-0


[Site "https://www.chess.com"]

[Event "Titled Tuesday Blitz November 22 Late 2022"]
[White "Young, Ryan"]
[Black "Fernandez Garcia, Gumersindo"]
[WhiteFideId "2049945"]
[BlackFideId "24516740"]
[WhiteElo "2330"]
[BlackElo "2140"]
[Result "0-1"]
[Round "10"]
[TimeControl "180+1"]
[Date "2022.11.23"]
[WhiteClock "0:00:57"]
[BlackClock "0:01:56"]

1. e4 Nf6 2. e5 Nd5 3. d4 d6 4. exd6 cxd6 5. c4 Nb6 6. Nc3 g6 7. b3 Bg7 8. Be3 O-O 9. Rc1 Nc6 10. Nf3 Bg4 11. Be2 d5 12. c5 Nc8 13. h3 Bxf3 14. Bxf3 e6 15. O-O N8e7 16. Qd2 Nf5 17. Ne2 Nh4 18. Bg5 Nxf3+ 19. gxf3 Bf6 20. f4 Kg7 21. Qe3 h6 22. Bxf6+ Qxf6 23. Rcd1 Ne7 24. Qe5 Nf5 25. Qxf6+ Kxf6 26. Kh2 Rfc8 27. b4 b6 28. Rb1 a5 29. bxa5 bxc5 30. dxc5 Rxc5 31. Rb2 Rcxa5 32. Nc1 Ra4 33. Nd3 Rxa2 34. Rxa2 Rxa2 35. Kg2 Rd2 36. Ne5 Ne3+ 37. Kg1 Nxf1 38. Kxf1 Rd4 0-1


[Site "https://www.chess.com"]

[Event "Titled Tuesday Blitz November 22 Late 2022"]
[White "Zhu, Jiner"]
[Black "Khandelwal, Ankush"]
[WhiteFideId "8608059"]
[BlackFideId "413470"]
[WhiteElo "2384"]
[BlackElo "2271"]
[Result "1-0"]
[Round "10"]
[TimeControl "180+1"]
[Date "2022.11.22"]
[WhiteClock "0:02:17"]
[BlackClock "0:00:14"]

1. e4 c5 2. Nf3 d6 3. c3 Nf6 4. h3 g6 5. Bd3 Bg7 6. O-O O-O 7. Bc2 e5 8. d4 cxd4 9. cxd4 exd4 10. Nxd4 Nc6 11. Nxc6 bxc6 12. Bg5 h6 13. Bh4 Re8 14. Nc3 Rb8 15. Rb1 Ba6 16. Re1 Qe7 17. Qd2 Rbd8 18. Rbd1 Bc4 19. b3 Be6 20. Ne2 Rd7 21. Nd4 g5 22. Nxc6 Qf8 23. Bg3 Nh5 24. Bxd6 Rxd6 25. Qxd6 1-0


[Site "https://www.chess.com"]

[Event "Titled Tuesday Blitz November 22 Late 2022"]
[White "chess50years"]
[Black "Liu, Kelsey"]
[BlackFideId "30944481"]
[WhiteElo "2072"]
[BlackElo "2286"]
[Result "1-0"]
[Round "10"]
[TimeControl "180+1"]
[Date "2022.11.23"]
[WhiteClock "0:00:32"]
[BlackClock "0:00:04"]

1. c4 Nf6 2. Nc3 g6 3. g3 Bg7 4. Bg2 O-O 5. e3 c5 6. Nge2 Nc6 7. O-O d6 8. d4 Bd7 9. b3 a6 10. h3 Rb8 11. d5 Na7 12. a4 Ne8 13. Bd2 Nc7 14. e4 Ra8 15. a5 Qb8 16. Rb1 b6 17. axb6 Qxb6 18. Be3 a5 19. Qd2 Rfb8 20. Bh6 Bf6 21. Bg5 Ne8 22. Bxf6 Nxf6 23. f4 Qc7 24. Qe3 Rb7 25. e5 Nh5 26. e6 Be8 27. g4 Ng7 28. f5 Rab8 29. Ne4 a4 30. f6 fxe6 31. fxg7 Kxg7 32. Ng5 Bd7 33. Rf7+ Kg8 34. Rxh7 Rf8 35. Rxe7 e5 36. Ne6 Qd8 37. Rg7+ Kh8 38. Qh6# 1-0


[Site "https://www.chess.com"]

[Event "Titled Tuesday Blitz November 22 Late 2022"]
[White "vjecspec"]
[Black "Papasimakopoulos, Alexandros"]
[BlackFideId "4244125"]
[WhiteElo "2580"]
[BlackElo "2365"]
[Result "0-1"]
[Round "10"]
[TimeControl "180+1"]
[Date "2022.11.22"]
[WhiteClock "0:00:11"]
[BlackClock "0:01:27"]

1. e4 e6 2. d4 d5 3. Nc3 Bb4 4. Bd3 dxe4 5. Bxe4 Nf6 6. Bf3 O-O 7. Ne2 e5 8. dxe5 Qxd1+ 9. Kxd1 Ng4 10. Bxg4 Bxg4 11. f3 Bf5 12. Bf4 Nc6 13. Kc1 Rfe8 14. Nd5 Ba5 15. Ng3 Bg6 16. h4 h5 17. Ne3 Nxe5 18. Bxe5 Rxe5 19. Nc4 Rc5 20. Nxa5 Rxc2+ 21. Kd1 Rd8+ 22. Ke1 Rxg2 23. Nf1 Re8+ 24. Kd1 Rxb2 25. Nc4 Rd8+ 26. Nfd2 Rc2 27. Rh2 Rxc4 28. Ke2 Rc2 29. Ke3 Rd3+ 0-1


[Site "https://www.chess.com"]

[Event "Titled Tuesday Blitz November 22 Late 2022"]
[White "Aghasiyev, Kamal"]
[Black "Prem, Pranav"]
[WhiteFideId "13402854"]
[BlackFideId "30901057"]
[WhiteElo "2341"]
[BlackElo "1970"]
[Result "1-0"]
[Round "11"]
[TimeControl "180+1"]
[Date "2022.11.23"]
[WhiteClock "0:00:03"]
[BlackClock "0:00:02"]

1. d4 d5 2. Nf3 Nf6 3. Bf4 e6 4. e3 c5 5. c3 Nc6 6. Nbd2 Bd6 7. Bg3 O-O 8. Bb5 Ne7 9. O-O Nf5 10. Qe2 a6 11. Ba4 b5 12. Bc2 Nxg3 13. hxg3 Bb7 14. e4 dxe4 15. Nxe4 Nxe4 16. Bxe4 Bxe4 17. Qxe4 cxd4 18. Rad1 Qf6 19. Rxd4 Bc5 20. Rd7 Rfc8 21. Ne5 Rf8 22. b4 Ba7 23. g4 Bb8 24. Qxa8 Qxe5 25. g3 Qxc3 26. Qe4 Be5 27. Rd3 Qb2 28. a3 Bf6 29. Rfd1 Qc2 30. Kg2 h6 31. Qf3 Qc4 32. Qe2 Rc8 33. f3 Qc7 34. Qe4 Qc2+ 35. R1d2 Qc7 36. Rd7 Qc3 37. f4 Qa1 38. Qd3 Rc1 39. Rd1 Rxd1 40. Qxd1 Qxa3 41. Qd3 Qb2+ 42. Kf3 Qxb4 43. Rc7 g6 44. Rc8+ Kg7 45. Rc7 Qa4 46. Qd7 Qb3+ 47. Kg2 e5 48. f5 gxf5 49. Qxf5 Qb2+ 50. Kh3 Qa1 51. Qe4 Qf1+ 52. Kh2 Qf2+ 53. Qg2 Qe1 54. Rc6 e4 55. Qa2 a5 56. Rc7 1-0


[Site "https://www.chess.com"]

[Event "Titled Tuesday Blitz November 22 Late 2022"]
[White "Aguilar, Juan"]
[Black "Ghazarian, Kirk"]
[WhiteFideId "3800091"]
[BlackFideId "30908604"]
[WhiteElo "2515"]
[BlackElo "2346"]
[Result "0-1"]
[Round "11"]
[TimeControl "180+1"]
[Date "2022.11.23"]
[WhiteClock "0:01:15"]
[BlackClock "0:02:28"]

1. d4 d5 2. c4 dxc4 3. e4 Nf6 4. e5 Nd5 5. Bxc4 e6 6. Nf3 Be7 7. O-O O-O 8. Nc3 Nxc3 9. bxc3 c5 10. Bd3 cxd4 11. cxd4 Nc6 12. Bb1 g6 13. g3 b6 14. h4 Bb7 15. Be4 Na5 16. Bxb7 Nxb7 17. Bh6 Re8 18. Qe2 Qd5 19. Rfc1 Rec8 20. Qe3 Na5 21. Nd2 Nc4 22. Nxc4 Rxc4 23. Rxc4 Qxc4 24. Rc1 Qxa2 25. Rc7 Bf8 26. Qf4 Qb1+ 27. Kh2 Qf5 28. Qxf5 gxf5 29. Bg5 a5 30. Rb7 a4 31. Rxb6 a3 32. Bc1 a2 33. Bb2 a1=Q 0-1


[Site "https://www.chess.com"]

[Event "Titled Tuesday Blitz November 22 Late 2022"]
[White "Ai, Evan"]
[Black "Romero Ruscalleda, Josep"]
[WhiteFideId "2094770"]
[BlackFideId "2231859"]
[WhiteElo "1963"]
[BlackElo "2183"]
[Result "1-0"]
[Round "11"]
[TimeControl "180+1"]
[Date "2022.11.23"]
[WhiteClock "0:00:36"]
[BlackClock "0:00:01"]

1. e4 g6 2. d4 Bg7 3. Nc3 d6 4. Be3 a6 5. Qd2 b5 6. h4 h5 7. a4 b4 8. Nd5 a5 9. Bc4 Bb7 10. f3 Nd7 11. Nh3 Ngf6 12. Ndf4 e5 13. Bxf7+ Kxf7 14. Ng5+ Ke8 15. Nfe6 Qe7 16. Nxc7+ Kd8 17. Nxa8 Bxa8 18. dxe5 Nxe5 19. Qd4 Nh7 20. Qb6+ Kc8 21. Qxa5 Bb7 22. Qxb4 Nxg5 23. hxg5 Nc6 24. Qa3 Qe5 25. Kf2 h4 26. Rh3 Kb8 27. Rah1 Rf8 28. Rxh4 Qxb2 29. Qxb2 Bxb2 30. Rh7 Ne5 31. Rb1 Nc4 32. Ke2 d5 33. exd5 Bxd5 34. Bd4 Re8+ 35. Kd3 Ka8 36. Bxb2 Re3+ 37. Kd4 Re2 38. Kxd5 Nxb2 39. Rxb2 Rd2+ 40. Kc4 1-0


[Site "https://www.chess.com"]